 Dungeon Crawl Stone Soup version 0.31.0-11-ge490571c62 (webtiles) character file.

Game seed: 17368500227956459450

183 qw the Shooter (level 5, 0/26 HPs)
             Began as a Spriggan Hunter on Feb 4, 2024.
             Slain by an orc
             ... wielding a +0 club
              (4 damage)
             ... on level 4 of the Dungeon.
             The game lasted 00:00:09 (2687 turns).

qw the Shooter (Spriggan Hunter)                    Turns: 2687, Time: 00:00:10

Health: 0/26       AC:  2    Str:  7    XL:     5   Next: 35%
Magic:  6/6        EV: 20    Int: 11    God:
Gold:   185        SH:  0    Dex: 20    Spells: 4/4 levels left

rFire   . . .        a - +1 shortbow (heavy)
rCold   . . .        (shield currently unavailable)
rNeg    . . .        c - +0 robe
rPois   .            (helmet restricted)
rElec   .            (no cloak)
rCorr   .            (gloves unavailable)
SInv    +            (boots unavailable)
Will    .....        (no amulet)
Stlth   ++           (no ring)
HPRegen 0.24/turn    (no ring)
MPRegen 0.10/turn

%: no passive effects
@: very quick
A: very small, no large weapons, unfitting armour, see invisible, speed 3
a: no special abilities


You were on level 4 of the Dungeon.
You visited 1 branch of the dungeon, and saw 4 of its levels.

You collected 185 gold pieces.


Innate Abilities, Weirdness & Mutations

You are very small and have problems with some larger weapons.
You are too small for most types of armour.
You have supernaturally acute eyesight. (SInv)
You cover ground extremely quickly. (Speed+++)


   Skills:
 - Level 2.0 Fighting
 + Level 5.6 Ranged Weapons
 - Level 5.0 Dodging
 - Level 1.5 Stealth


You had 4 spell levels left.
You didn't know any spells.
Your spell library was empty.

Inventory:

Hand Weapons
 a - a +1 heavy shortbow (weapon)
Armour
 c - a +0 robe (worn)
Scrolls
 f - a scroll of enchant armour
Potions
 b - a potion of magic {unknown}
 d - a potion of enlightenment {unknown}
 e - a potion of haste
 g - 3 potions of curing
 j - a potion of heal wounds {unknown}
 k - a potion of attraction {unknown}
 l - a potion of mutation {unknown}

Dungeon Overview and Level Annotations

Branches:
Dungeon (4/15)
 Temple: D:4-7

Altars:
Fedhas


Message History

Enter note:
Enter note: You open the door.
There is an open door here.
You hear the slow hiss of a very distant avalanche of sand.
An adder comes into view.
Enter note:
Enter note: You shoot an arrow.
The arrow hits the adder!
You kill the adder!
A howler monkey comes into view.
You shoot an arrow. The howler monkey howls!
The arrow hits the howler monkey.
The howler monkey is moderately wounded.
The howler monkey hoots and howls with incredible vigour!
An orc priest comes into view. It is wielding a +0 flail.
An orc comes into view. It is wielding a +0 short sword.
An orc comes into view. It is wielding a +0 club.
You shoot an arrow.
The arrow closely misses the orc priest.
The orc shouts!
The orc priest shouts!
You shoot an arrow. The arrow hits the howler monkey.
The howler monkey is severely wounded.
An orc priest comes into view. It is wielding a +0 falchion.
You shoot an arrow.
The arrow closely misses the howler monkey.
The orc priest shouts!
The orc priest calls down the wrath of Beogh upon you.
Pain shoots through your body!
Ouch! That really hurt!
The orc priest looks encouraged for a moment.
You shoot an arrow. The arrow hits the howler monkey!
You kill the howler monkey!
You shoot an arrow. The arrow hits the orc.
The orc is severely wounded.
The orc completely misses you.
The orc priest calls down the wrath of Beogh upon you.
Beogh smites you! The orc barely misses you. The orc hits you with a +0 club.
You die...

#....# .....
#....# ..... ....#
...... .. #...#
..o..# ...
##...##.....#
#....#............
#....#....oo......
#....'....@o......
#....#....##....##
#....##...# ...#
#....##...# ....
#.........# ...
#.........+ ..
#.........# .
#....######
#....##...#


You could see 2 orc priests and 2 orcs.

Vanquished Creatures
  A howler monkey (D:4)
  A bombardier beetle (D:2)
  5 adders
  4 dart slugs
  A ribbon worm (D:2)
  An orc (D:3)
  7 ball pythons
  4 endoplasms
  7 giant cockroaches
  7 goblins
  2 jackals (D:2)
  3 bats
  4 frilled lizards
  9 kobolds
  5 rats
61 creatures vanquished.

Notes
Turn   | Place    | Note
-------+----------+-------------------------------------------
     0 | D:1      | qw the Spriggan Hunter began the quest for the Orb.
     0 | D:1      | Reached XP level 1. HP: 10/10 MP: 2/2
     0 | D:1      | 0 ||| qw: Version: 0.3-a-160-g6735b56
     0 | D:1      | 0 ||| qw: Game counter: 4878
     0 | D:1      | 0 ||| qw: Melee chars always use a shield: true
     0 | D:1      | 0 ||| qw: God list: Okawaru
     0 | D:1      | 0 ||| qw: Allow faded altars: false
     0 | D:1      | 0 ||| qw: Do Orc after clearing Dungeon:15 true
     0 | D:1      | 0 ||| qw: Do second Lair branch before Depths: true
     0 | D:1      | 0 ||| qw: Lair rune preference: random
     0 | D:1      | 0 ||| qw: Goals: Normal
     0 | D:1      | 0 ||| PLANNING D:1-11
    31 | D:1      | Reached skill level 3 in Dodging
   124 | D:1      | Reached XP level 2. HP: 14/14 MP: 3/3
   387 | D:1      | You fall into a shaft and drop 1 floor!
   439 | D:2      | HP: 3/14 [ribbon worm (3)]
   449 | D:2      | HP: 1/14 [ribbon worm (4)]
   561 | D:2      | Reached XP level 3. HP: 9/18 MP: 4/4
   626 | D:2      | 626 ||| READING 3 scrolls labelled YCESEU YMAODIWK.
   626 | D:2      | 626 ||| IDENTIFYING purple potion
   627 | D:2      | 627 ||| READING 2 scrolls of identify.
   627 | D:2      | 627 ||| IDENTIFYING viscous inky potion
   628 | D:2      | 628 ||| READING scroll of identify.
   628 | D:2      | 628 ||| IDENTIFYING scroll labelled OSTEKH PAEGH
   629 | D:2      | 629 ||| DROPPING scroll of butterflies.
   890 | D:1      | Reached XP level 4. HP: 22/22 MP: 5/5
   991 | D:1      | 991 ||| READING scroll labelled GOIL JIOQUN.
  1894 | D:2      | 1894 ||| READING scroll of identify.
  1894 | D:2      | 1894 ||| IDENTIFYING fuming pink potion
  1895 | D:2      | 1895 ||| READING scroll labelled RUSTRI MAMMI.
  1896 | D:2      | 1896 ||| READING scroll labelled DOESHR KEJAQIWU.
  1897 | D:2      | 1897 ||| DROPPING potion of lignification.
  2109 | D:3      | Found a blossoming altar of Fedhas.
  2377 | D:3      | Reached XP level 5. HP: 26/26 MP: 6/6
  2559 | D:3      | 2559 ||| READING scroll labelled VAENWA HODGHOP.
  2559 | D:3      | 2559 ||| ENCHANTING +0 shortbow.
  2560 | D:3      | 2560 ||| READING scroll labelled TEHOEMO ZUEDI.
  2560 | D:3      | 2560 ||| BRANDING +1 shortbow.
  2561 | D:3      | 2561 ||| READING scroll labelled SILOIKKUULAD.
  2583 | D:4      | 2583 ||| PLANNING OSSUARY
  2687 | D:4      | HP: 4/26 [orc priest/divine providence (10)]
  2687 | D:4      | Slain by an orc

Levels and vault maps discovered:
D:1:      dpeg_arrival_subterranean_lakeside_camping, layout_loops_ring
D:2:      minmay_skewed_foursquare, layout_basic
D:3:      layout_loops_cross, fedhas_altar_1, grunt_ministairs_4
D:4:      layout_gridville, mainiacjoe_overflow_paths, trog_butcher_becter,
          nicolae_ossuary_entry_giza, gammafunk_ghost_smash, uniq_edmund

Skill      XL: |  1  2  3  4 |
---------------+-------------+-----
Dodging        | 3 4 5 |  5.0
Ranged Weapons | 5 |  5.6
Fighting       | 2 |  2.0
Stealth        | |  1.5

Action                     |  1- 3 |  4- 6 || total
---------------------------+-------+-------++-------
   Fire: Shortbow          |    76 |   113 ||   189
    Use: Scroll            |     3 |     7 ||    10
 Armour: Robe              |     9 |     7 ||    16
  Dodge: Dodged            |    24 |    21 ||    45

Table legend:
 A = Non-vault XP
 B = Vault XP
 C = Vault XP percentage of total XP
 D = Non-vault monster count
 E = Vault monster count
 F = Vault count percentage of total count
                 A         B        C        D         E       F
            +---------+---------+-------+---------+---------+-------
      Total |     233 |      29 |  11.1 |      46 |      15 |  24.6
            +---------+---------+-------+---------+---------+-------
        D:1 |      18 |       9 |  33.3 |      12 |       6 |  33.3
        D:2 |     114 |      18 |  13.6 |      20 |       8 |  28.6
        D:3 |      39 |       2 |   4.9 |      12 |       1 |   7.7
        D:4 |      62 |       0 |   0.0 |       2 |       0 |   0.0
            +---------+---------+-------+---------+---------+-------
